 Dungeon Crawl Stone Soup version 0.29.1-2-gbd0b4ee654 (webtiles) character file.

Game seed: 6744556734432454341

10 glosham the Chopper (level 2, -3/24 HPs)
             Began as a Formicid Monk on Oct 31, 2022.
             Splashed by a jelly's acid (8 damage)
             ... on level 4 of the Dungeon.
             The game lasted 00:06:36 (251 turns).

glosham the Chopper (Formicid Monk)                  Turns: 251, Time: 00:06:37

Health: -3/24      AC: -2    Str: 15    XL:     2   Next: 30%
Magic:  2/2        EV: 13    Int:  9    God:
Gold:   42         SH:  0    Dex: 16    Spells: 1/1 levels left

rFire   . . .      SeeInvis +   a - +0 hand axe
rCold   . . .      Faith    .   (no shield)
rNeg    . . .      Spirit   .   b - +0 robe
rPois   .          Reflect  .   (helmet unavailable)
rElec   .          Harm     .   (no cloak)
rCorr   .          Rampage  .   (no gloves)
Will    .....                   (no boots)
Stlth   ++........              (no amulet)
HPRegen 0.08/turn               (no ring)
MPRegen 0.08/turn               (no ring)

@: corroded
A: permanent stasis, dig shafts and tunnels, antennae 3, four strong arms
a: Dig, Shaft Self


You were on level 4 of the Dungeon.
You visited 1 branch of the dungeon, and saw 4 of its levels.

You collected 42 gold pieces.

Inventory:

Hand Weapons
 a - a +0 hand axe (weapon)
Missiles
 e - a stone (quivered)
Armour
 b - a +0 robe (worn)
Scrolls
 d - a scroll of identify {unknown}
Potions
 c - a potion of ambrosia


   Skills:
 - Level 3.3 Fighting
 * Level 3.5 Axes
 - Level 2.7 Dodging
 - Level 2.4 Stealth


You had one spell level left.
You didn't know any spells.
Your spell library was empty.

Dungeon Overview and Level Annotations

Branches:
Dungeon (4/15)
 Temple: D:4-7

Altars:

Shops:
D:2 !

Annotations:
D:4 exclusion: 6 sensed monsters (detected), Eustachio


Innate Abilities, Weirdness & Mutations

You cannot be hasted, slowed, berserked, paralysed or teleported.
You can dig through walls and to a lower floor.
You have a pair of large antennae on your head. (SInv)
Your four strong arms can wield two-handed weapons with a shield.


Message History

Found a stone staircase leading down.
Found 7 gold pieces.
There is a stone staircase leading down here.
You now have enough gold to buy a potion of curing on D:2.
You can access your shopping list by pressing '$'.
You now have 42 gold pieces (gained 7).
A jelly comes into view.
Found a stone staircase leading down.
The jelly quivers.
The jelly moves out of view.
Throw: 4 stones
Press: ? - help, Q - select action, (/) - cycle Shift-Dir - straight line, f - jelly
Aim: a jelly (90% to hit)
You throw a stone. The stone hits the jelly.
The jelly is lightly wounded.
Throw: 3 stones
Press: ? - help, Q - select action, (/) - cycle Shift-Dir - straight line, f/p - jelly
Aim: a jelly (lightly wounded, 90% to hit)
You throw a stone. The stone hits the jelly.
The jelly is lightly wounded.
Throw: 2 stones
Press: ? - help, Q - select action, (/) - cycle Shift-Dir - straight line, f/p - jelly
Aim: a jelly (lightly wounded, 90% to hit)
You throw a stone. The stone hits the jelly.
The jelly is lightly wounded.
You hit the jelly.
Your hands burn!
The jelly is moderately wounded.
The jelly barely misses you.
You hit the jelly. The acid corrodes you!
Your hands burn!
The jelly is severely wounded.
The jelly barely misses you.
You hit the jelly.
Your hands burn!
The jelly is almost dead.
The jelly barely misses you.
You hit the jelly but do no damage.
Your hands burn!
The jelly is almost dead.
The jelly hits you.
* * * LOW HITPOINT WARNING * * *
You are splashed with acid!
You die...

# #.
##.###.
.......##
.....>..#
#.# #.#
#.# #J#
#@# #.#
#.# #.#
#.# { #.#
#.# #.#
## #.# {
.


You could see a jelly.

Vanquished Creatures
  An ufetubus (D:4)
  A worm (D:3)
  An endoplasm (D:3)
3 creatures vanquished.

Notes
Turn   | Place    | Note
-------+----------+-------------------------------------------
     0 | D:1      | glosham the Formicid Monk began the quest for the Orb.
     0 | D:1      | Reached XP level 1. HP: 18/18 MP: 1/1
     4 | D:1      | You fall into a shaft and drop 1 floor!
     4 | D:2      | Found Inorut's Distillery.
     9 | D:2      | You fall into a shaft and drop 2 floors!
    76 | D:4      | Reached XP level 2. HP: 15/24 MP: 2/2
   158 | D:4      | Noticed Eustachio
   251 | D:4      | Splashed by a jelly's acid

Illustrated notes

Levels and vault maps discovered:
D:1:      wheals_arrival_shading, layout_loops_ring, minmay_pentomino_s2
D:2:      layout_basic, chequers_ecumenical_altar_island, serial_shops,
          nicolae_square_shop, nicolae_shop_competitors_out_of_business,
          nicolae_shop_temple_entry_statues_fountains
D:3:      minmay_diamond_boxcup, layout_loops_corners,
          mainiacjoe_overflow_boulevard, hex_medium
D:4:      layout_loops_ring, nicolae_wu_jian_wuxing_cycle, uniq_eustachio,
          uniq_ijyb, uniq_natasha

Action                   || total
-------------------------++-------
Melee: Hand axe          ||    21
Throw: Stone             ||     3
 Abil: Shaft Self        ||     2
Armor: Robe              ||     5
Dodge: Dodged            ||    14
